Map: Blueshift LE

Players

zuka - Winner!

  • Race: Protoss Protoss
  • League: Master
  • Spawn Location: 7:00

Broesl

  • Race: Terran Terran
  • League: Master
  • Spawn Location: 1:00

VOD

Have the link to the VOD?

Description

Time

  • Played on: Oct. 5, 2018, 3:23 p.m.
  • Length: 7:26
Show
View Real Time Build Order
Export as new Build Order

zuka Protoss - Winner!

Build Orders:  

Get SALT Encoding   

  12  0:01  Probe  
  13  0:13  Probe  
  14  0:18  Pylon  
  14  0:21  Probe  
  15  0:32  Probe  
  15  0:40  Gateway  
  16  0:42  Probe  
  16  0:49  Assimilator  
  17  0:53  Probe  
  18  1:01  Probe  
  18  1:09  Probe  
  21  1:26  Assimilator  
  21  1:30  Zealot  
  21  1:32  Forge  
  22  1:37  Pylon  
  22  1:57  Zealot  
  24  2:06  Photon Cannon  
  24  2:08  Photon Cannon  
  24  2:22  Cybernetics Core  
  23  2:41  Probe  
  22  2:45  Pylon  
  22  2:46  Warp Gate  
  24  3:04  Gateway  
  24  3:08  Stalker  
  24  3:14  Shield Battery  
  24  3:22  Gateway  
  24  3:28  Pylon  
  24  3:34  Robotics Facility  
  24  3:37  Probe  
  25  3:47  Stalker  
  27  4:13  Gateway  
  27  4:16  Immortal  
  27  4:21  Photon Cannon  
  31  4:49  Warp Prism  
  31  4:59  Pylon  
  33  5:00  Adept x2  
  37  5:14  Gateway  
  37  5:25  Adept x2  
  41  5:46  Immortal  
  45  6:02  Stalker  
  45  6:03  Stalker x2  
  37  6:17  Warp Prism  
  33  6:26  Stalker  
  37  6:35  Stalker  
  35  6:55  Stalker x2  
  39  7:22  Stalker  
Show
View Real Time Build Order
Export as new Build Order

Broesl Terran 

Build Orders:  

Get SALT Encoding   

  12  0:01  SCV  
  13  0:13  SCV  
  14  0:20  Supply Depot  
  14  0:25  SCV  
  15  0:42  Barracks  
  15  0:51  Barracks  
  15  0:56  SCV  
  16  1:10  Barracks  
  16  1:14  SCV  
  17  1:26  SCV  
  17  1:30  Marine  
  19  1:38  Marine  
  20  1:43  Bunker  
  20  1:48  Marine  
  21  1:56  Marine  
  21  2:00  Marine  
  23  2:11  Marine  
  23  2:14  Marine  
  22  2:18  Marine  
  23  2:29  Marine  
  23  2:36  Marine  
  23  2:38  Marine  
  23  2:42  Orbital Command  
  23  2:44  Command Center  
  23  2:59  Supply Depot  
  23  3:04  Marine  
  23  3:05  Marine  
  23  3:14  Refinery  
  23  3:16  Refinery  
  23  3:20  SCV  
  24  3:29  Supply Depot  
  24  3:31  Marine  
  24  3:32  Marine  
  24  3:33  SCV  
  27  3:45  SCV  
  28  3:57  SCV  
  28  3:59  Orbital Command  
  29  4:04  Factory  
  29  4:13  SCV  
  29  4:16  Engineering Bay  
  30  4:24  SCV  
  30  4:25  SCV  
  32  4:45  SCV x2  
  34  4:48  Cyclone  
  34  4:49  Starport  
  35  5:09  SCV, Liberator  
  35  5:10  SCV  
  37  5:21  SCV, Cyclone  
  39  5:22  SCV  
  39  5:25  Marine x2  
  44  5:44  SCV x2  
  44  5:45  Supply Depot  
  44  5:46  Supply Depot  
  40  6:07  Marine x2  
  36  6:11  Liberator  
  36  6:13  Cyclone  
  33  6:25  Marine x2  
  34  6:38  SCV x2  
  36  6:43  Marine x2  
  36  6:44  Supply Depot  
  33  6:56  SCV x2  
  33  7:01  Marine  
  39  7:02  Marine  
  39  7:07  Supply Depot  
  40  7:08  SCV  
  40  7:09  SCV  
Tags
 
Add a new tag
Caveats
  • Supply blocks, unpowered buildings, or Contaminate may cause inaccurate times.
  • Supply counts are checked every 10 seconds.